 Dungeon Crawl Stone Soup version 0.17.1-3-g152610e (webtiles) character file.

275 Gargoyl the Skirmisher (level 6, -5/48 HPs)
             Began as a Demonspawn Abyssal Knight on Apr 5, 2016.
             Was a Believer of Lugonu.
             Slain by an ogre
             ... wielding a +0 giant club
              (17 damage)
             ... on level 5 of the Dungeon.
             The game lasted 00:05:22 (2512 turns).

Gargoyl the Skirmisher (Demonspawn Abyssal Knight)  Turns: 2512, Time: 00:05:22

Health: -5/48      AC: 13    Str: 15    XL:     6   Next: 3%
Magic:  8/8        EV:  7    Int: 13    God:    Lugonu [**....]
Gold:   155        SH:  0    Dex: 12    Spells: 0 memorised, 5 levels left

rFire  . . .     SeeInvis +     a - +1 hand axe
rCold  . . .     Clarity  .     u - +0 chain mail
rNeg   . . .     SustAt   .     (no shield)
rPois  .         Gourm    .     (no helmet)
rElec  .         Spirit   .     q - +1 cloak
rCorr  .         Warding  .     (no gloves)
rMut   .         Stasis   .     (no boots)
MR     .....                    (no amulet)
Stlth  ..........               l - ring of see invisible
                                f - ring of loudness (curse)

@: not resistant to hostile enchantments, extremely unstealthy
A: hooves 1, thin metallic scales 1, nightstalker 1, spiny 1
a: Depart the Abyss, Bend Space, Renounce Religion


You were on level 5 of the Dungeon.
You worshipped Lugonu.
Lugonu was pleased with you.
You were not hungry.

You visited 1 branch of the dungeon, and saw 5 of its levels.
You visited the Abyss 1 time.

You collected 155 gold pieces.

Inventory:

Hand Weapons
 a - a +1 hand axe (weapon)
 n - a +1 flail
Missiles
 o - 4 tomahawks of returning (quivered)
Armour
 q - a +1 cloak (worn)
 u - a +0 chain mail (worn)
Jewellery
 f - a cursed ring of loudness (left hand)
 l - a ring of see invisible (right hand)
Wands
 s - a wand of draining (12)
Scrolls
 j - a scroll of amnesia
 p - a scroll of identify
Potions
 b - a potion of degeneration {unknown}
 e - a potion of flight {unknown}
 h - a potion of agility {unknown}
 i - a potion of heal wounds {unknown}
 k - a potion of poison {unknown}
Comestibles
 c - 3 bread rations
 g - 3 meat rations


   Skills:
 + Level 4.0 Fighting
 + Level 2.5 Axes
 + Level 0.1 Throwing
 * Level 3.1 Armour
 + Level 3.1 Dodging
 + Level 1.1 Stealth
 + Level 3.1 Invocations


You had 5 spell levels left.
You didn't know any spells.

Dungeon Overview and Level Annotations

Branches:
Dungeon (5/15)
 Temple: D:4-7

Altars:
Gozag
Kikubaaqudgha
The Shining One

Shops:
D:4 =

Annotations:
D:3 Gargoyl's ghost, amateur DsAK


Innate Abilities, Weirdness & Mutations

You have large cloven feet.
You are partially covered in thin metallic scales (AC +2).
You are slightly more attuned to the shadows.
You are partially covered in sharp spines.


Message History

An ogre comes into view. It is wielding a giant club.
The ogre shouts!
Throwing (i - inventory. (,) - cycle):
d - a javelin (quivered)
Press: ? - help, Shift-Dir - straight line, f - ogre
Aim: an ogre, wielding a giant club You throw a javelin.
The javelin barely misses the ogre.
You hit the ogre.
The ogre is lightly wounded.
The ogre closely misses you.
You hit the ogre. Your kick misses the ogre.
The ogre is lightly wounded.
The ogre is struck by your spines. The ogre hits you with a giant club!!
You hit the ogre but do no damage. Your kick misses the ogre.
The ogre is heavily wounded.
The ogre is struck by your spines. The ogre hits you with a giant club!
* * * LOW HITPOINT WARNING * * *
You hit the ogre but do no damage. You kick the ogre, but do no damage.
The ogre is severely wounded.
The ogre is struck by your spines. The ogre hits you with a giant club!
You die...

... #..#
########..##........
#.........##........
#...$.....##........
#...................
#...O@....##........
#####.....##........
##.<.............
#..............##
##.........>...#
#....###....#.#
####.# ####.# # #.#
.# #.. ..


You could see an ogre.

Vanquished Creatures
  A sky beast (D:5)
  An orc priest (D:4)
  A worker ant (D:4)
  A giant frog skeleton (D:4)
  3 adders
  An ooze (D:2)
  2 adder skeletons (D:4)
  3 worms
  2 giant geckos
  10 orcs
  A ball python (D:1)
  3 bats
  4 hobgoblins
  8 kobolds
  A quokka (D:2)
  3 giant cockroaches
  2 giant gecko skeletons (D:4)
  4 giant newts
  5 goblins
  4 rats
60 creatures vanquished.

Notes
Turn   | Place    | Note
--------------------------------------------------------------
     0 | Abyss:1  | Gargoyl the Demonspawn Abyssal Knight began the quest for the Orb.
     0 | Abyss:1  | Reached XP level 1. HP: 18/18 MP: 2/2
    55 | Abyss:1  | Found a corrupted altar of Lugonu.
   130 | Abyss:1  | Noticed a rust devil
   131 | D:1      | Escaped the Abyss
   195 | D:1      | Reached skill level 1 in Dodging
   324 | D:1      | Gained mutation: You are partially covered in sharp spines. [demonic ancestry]
   324 | D:1      | Reached XP level 2. HP: 22/24 MP: 3/3
   346 | D:1      | Reached * piety under Lugonu
   644 | D:2      | Reached XP level 3. HP: 24/29 MP: 3/5
  1109 | D:3      | Reached ** piety under Lugonu
  1119 | D:3      | Gained mutation: You are partially covered in thin metallic scales (AC +2). [demonic ancestry]
  1119 | D:3      | Reached XP level 4. HP: 23/37 MP: 6/6
  1288 | D:3      | Found a faded altar to an unknown god.
  1294 | D:3      | Noticed Gargoyl's ghost (amateur DsAK)
  1323 | D:4      | Reached skill level 1 in Stealth
  1530 | D:4      | Found an opulent altar of Gozag.
  1661 | D:4      | Found a glowing golden altar of the Shining One.
  1773 | D:4      | Gained mutation: You are slightly more attuned to the shadows. [demonic ancestry]
  1773 | D:4      | Reached XP level 5. HP: 42/42 MP: 7/7
  1986 | D:4      | Found an ancient bone altar of Kikubaaqudgha.
  2115 | D:4      | Got a pitted diamond amulet
  2134 | D:4      | Found Zaraus's Jewellery Shop.
  2219 | D:4      | Identified the amulet of the Forgotten Cities {Stasis +Inv rN+ Str-5 Dex+4} (You found it on level 4 of the Dungeon)
  2394 | D:5      | Entered Level 5 of the Dungeon
  2394 | D:5      | Noticed a sky beast
  2405 | D:5      | Killed a sky beast
  2405 | D:5      | Reached skill level 4 in Fighting
  2405 | D:5      | Gained mutation: You have large cloven feet. [demonic ancestry]
  2405 | D:5      | Reached XP level 6. HP: 33/48 MP: 8/8
  2506 | D:5      | Noticed an ogre
  2512 | D:5      | Slain by an ogre

Action                   |  1- 3 |  4- 6 || total
-------------------------+-------+-------++-------
Melee: Hand axe          |    67 |    58 ||   125
Throw: Javelin           |       |     7 ||     7
Invok: Depart the Abyss  |     1 |       ||     1
  Use: Scroll            |     5 |     3 ||     8
  Eat: Chunk             |       |     4 ||     4
       Bread ration      |       |     1 ||     1
